 Dungeon Crawl Stone Soup version 0.29-a0-82-g837932c90e (webtiles) character file.

Game seed: 2348931412418998684

32 kae the Ruffian (level 3, -5/28 HPs)
             Began as a Draconian Transmuter on Feb 4, 2022.
             Killed from afar by Natasha (9 damage)
             ... with a magic dart
             ... on level 2 of the Dungeon.
             The game lasted 00:00:54 (1224 turns).

kae the Ruffian (Draconian Transmuter)              Turns: 1224, Time: 00:00:55

Health: -5/28      AC:  5    Str: 12    XL:     3   Next: 8%
Magic:  6/6        EV: 12    Int: 15    God:
Gold:   82         SH:  0    Dex: 11    Spells: 2/6 levels left

rFire   . . .      SeeInvis .     - Unarmed
rCold   . . .      Faith    .   (no shield)
rNeg    . . .      Spirit   .   (armour unavailable)
rPois   .          Reflect  .   (helmet currently unavailable)
rElec   .          Harm     .   (no cloak)
rCorr   .          Rampage  .   (no gloves)
Will    .....                   (boots currently unavailable)
Stlth   +.........              (no amulet)
HPRegen 0.09/turn               (no ring)
MPRegen 0.10/turn               (no ring)

@: appendages (expiring)
A: horns 2, talons 2, AC +5, unfitting armour, cold-blooded
a: End Transformation


You were on level 2 of the Dungeon.
You had temporarily grown beastly horns and talons.
You visited 1 branch of the dungeon, and saw 2 of its levels.

You collected 82 gold pieces.

Inventory:

Scrolls
 b - a scroll of identify {unknown}
 d - a scroll of vulnerability {unknown}
Potions
 a - a potion of resistance {unknown}
 c - a potion of mutation {unknown}
 e - a potion of magic {unknown}


   Skills:
 + Level 1.4 Fighting
 + Level 2.0 Dodging
 * Level 3.4 Unarmed Combat
 + Level 2.2 Spellcasting
 * Level 2.5 Transmutations
 * Level 0.0 Poison Magic


You had 2 spell levels left.
You knew the following spells:

 Your Spells              Type           Power      Damage    Failure   Level
a - Beastly Appendage     Tmut           18%        N/A       8%          1
b - Spider Form           Tmut/Pois      5%         N/A       36%         3

Your spell library contained the following spells:

 Spells                   Type           Power      Damage    Failure   Level
 Wereblood                Tmut           9%         N/A       12%         2
 Static Discharge         Conj/Air       1%         N/A       32%         2
 Ice Form                 Ice/Tmut       5%         N/A       78%         4
 Lightning Bolt           Conj/Air       0%         1d11      99%         5
 Maxwell's Capacitive Co  Air            0%         ∞         100%        8


Dungeon Overview and Level Annotations

Branches:
Dungeon (2/15)

Altars:

Annotations:
D:2 Natasha


Innate Abilities, Weirdness & Mutations

You have temporarily grown beastly horns and talons.
Your plain brown scales are hard. (AC +5)
You cannot fit into any form of body armour.
You are cold-blooded and may be slowed by cold attacks.


Message History

There are monsters nearby!
You closely miss Natasha. Your headbutt misses Natasha. You tail-slap Natasha.
Natasha is moderately wounded.
The shadow imp barely misses you. Natasha misses you.
You miss Natasha. Your kick misses Natasha.
Natasha is moderately wounded.
The shadow imp hits you. Natasha claws you!
There are monsters nearby!
You are too injured to fight recklessly!
You are too injured to fight recklessly!
There are monsters nearby!
You are too injured to fight recklessly!
You are too injured to fight recklessly!
You are too injured to fight recklessly!
You are too injured to fight recklessly!
There are monsters nearby!
There are monsters nearby!
The shadow imp puffs mist at you.
Natasha stares at you and mumbles some strange words.
The magic dart hits you.
* * * LOW HITPOINT WARNING * * *
A goblin comes into view. It is wielding a +0 club.
Natasha stares at you and mumbles some strange words.
You resist with significant effort.
You closely miss Natasha.
The goblin shouts!
Your kick misses Natasha. Your punch misses Natasha.
Natasha is moderately wounded.
The shadow imp hits you but does no damage.
Natasha claws you.
* * * LOW HITPOINT WARNING * * *
The goblin unwields a +0 club.
The goblin wields a +0 hunting sling.
The goblin shoots a stone.
The stone hits you but does no damage.
You barely miss Natasha. You claw Natasha. You headbutt Natasha.
Natasha is almost dead.
The shadow imp hits you.
* * * LOW HITPOINT WARNING * * *
Natasha casts a spell at you. The magic dart hits you!
You die...

###....# #..........
.......# #.........
.#.....######....(..###
.......##..........[..#.
.#...(.##...............
.#..................$...
............###.........
............# #.5h......
.<........### #.@.......
..........#.............
....####................
....## #................
###... #...#####.....#..
...... . +........
...... #.g....#+ ......
.......+ ......


You could see Natasha, a shadow imp (summoned) and a goblin.

Vanquished Creatures
  An adder (D:2)
  2 dart slugs (D:1)
  3 endoplasms
  A giant cockroach (D:1)
  2 goblins (D:1)
  A hobgoblin (D:1)
  2 quokkas (D:1)
  3 ball pythons (D:1)
  2 bats
  A frilled lizard (D:1)
  A rat (D:1)
19 creatures vanquished.

Notes
Turn   | Place    | Note
-------+----------+-------------------------------------------
     0 | D:1      | kae the Draconian Transmuter began the quest for the Orb.
     0 | D:1      | Reached XP level 1. HP: 16/16 MP: 3/3
    34 | D:1      | Found a faded altar of an unknown god.
   208 | D:1      | Reached XP level 2. HP: 23/23 MP: 3/5
  1114 | D:2      | Reached XP level 3. HP: 22/28 MP: 4/6
  1118 | D:2      | Learned a level 3 spell: Spider Form
  1212 | D:2      | Noticed Natasha
  1224 | D:2      | Killed from afar by Natasha

Illustrated notes

Levels and vault maps discovered:
D:1:      elethiomel_arrival_shortcut, layout_basic, serial_forest,
          infiniplex_forest_clump_small, infiniplex_forest_side_room,
          infiniplex_forest_lined_room_3, infiniplex_forest_lined_2,
          infiniplex_forest_diagonal, infiniplex_forest_end_3,
          infiniplex_forest_diagonal, ebering_ecumenical_altar_rust
D:2:      layout_basic, hangedman_decor_push, uniq_natasha

Skill      XL: |  1  2 |
---------------+-------+-----
Dodging        | 2 |  2.0
Fighting       | |  1.4
Unarmed Combat | |  3.4
Spellcasting   | |  2.2
Transmutations | |  2.5

Action                   || total
-------------------------++-------
Melee: Unarmed           ||    55
       Kick              ||     7
       Headbutt          ||     6
       Punch             ||     1
       Tailslap          ||     4
 Cast: Beastly Appendage ||    17
Armor: Skin              ||    19
Dodge: Dodged            ||    36

Table legend: (Time is in decaauts)
 A = Elapsed time spent in this place.
 B = Non-inter-level travel time spent in this place.
 C = Inter-level travel time spent in this place.
 D = Time resting spent in this place.
 E = Time spent auto-exploring this place.
 F = Levels seen in this place.
 G = Mean time per level.
                   A        B        C        D        E       F      G
               +--------+--------+--------+--------+--------+-----+--------+
         Total |   1220 |   1201 |     19 |      0 |   1038 |   2 |  610.0 |
       Dungeon |   1220 |   1201 |     19 |      0 |   1038 |   2 |  610.0 |
               +--------+--------+--------+--------+--------+-----+--------+

Top non-repeatable levels by time:
     D:1: 1089 daAuts
     D:2: 131 daAuts
